 Dungeon Crawl Stone Soup version 0.23.2-1-ga50397a (webtiles) character file.

Game seed: 14582244460028885773

322 Kairos the Shield-Bearer (level 6, 0/48 HPs)
             Began as a Formicid Fighter on Apr 21, 2019.
             Was a Follower of Dithmenos.
             Slain by a kobold (1 damage)
             ... on level 3 of the Dungeon.
             The game lasted 00:03:23 (1817 turns).

Kairos the Shield-Bearer (Formicid Fighter)         Turns: 1817, Time: 00:03:24

Health: 0/48       AC: 12    Str: 23    XL:     6   Next: 76%
Magic:  6/6        EV:  5    Int:  7    God:    Dithmenos [*.....]
Gold:   102        SH: 10    Dex: 10    Spells: 5/5 levels left

rFire    . . .     SeeInvis +   a - +0 war axe
rCold    . . .     Gourm    .   c - +0 shield
rNeg     . . .     Faith    .   j - +0 plate armour
rPois    .         Spirit   .   (helmet unavailable)
rElec    .         Reflect  .   (no cloak)
rCorr    .         Harm     .   (no gloves)
MR       .....                  (no boots)
Stlth    ..........             (no amulet)
HPRegen  0.16/turn              (no ring)
MPRegen  0.10/turn              (no ring)

@: wreathed by umbra
A: permanent stasis, dig shafts and tunnels, four strong arms, antennae 3
a: Dig, Shaft Self, Renounce Religion


You were on level 3 of the Dungeon.
You worshipped Dithmenos.
Dithmenos was aware of your devotion.
You were hungry.

You visited 1 branch of the dungeon, and saw 3 of its levels.

You collected 102 gold pieces.

Inventory:

Hand Weapons
 a - a +0 war axe (weapon)
Armour
 b - a +0 scale mail
 c - a +0 shield (worn)
 j - a +0 plate armour (worn)
Scrolls
 h - a scroll of teleportation {unknown}
 k - a scroll of magic mapping {unknown}
Potions
 d - 2 potions of might
 e - a potion of cancellation {unknown}
 i - 2 potions of curing
Comestibles
 f - 5 rations


   Skills:
 + Level 4.2 Fighting
 + Level 4.3 Axes
 + Level 4.4 Armour
 + Level 0.7 Dodging
 + Level 5.3 Shields


You had 5 spell levels left.
You didn't know any spells.
Your spell library was empty.

Dungeon Overview and Level Annotations

Branches:
Dungeon (3/15)

Altars:
Dithmenos
Elyvilon
Okawaru


Innate Abilities, Weirdness & Mutations

You cannot be hasted, slowed, berserked, paralysed or teleported.
You can dig through walls and to a lower floor.
Your four strong arms can wield two-handed weapons with a shield.
You have a pair of large antennae on your head. (SInv)


Message History

Your shield and plate armour prevent you from hitting the kobold.
You closely miss the hobgoblin. You closely miss the jackal.
You hit the worm but do no damage. You hit the jackal but do no damage.
You closely miss the jackal. You block the jackal's attack. x2
The hobgoblin barely misses you. The jackal barely misses you.
The hobgoblin barely misses you.
The jackal bites you but does no damage.
You block the jackal's attack. The kobold hits you but does no damage.
You block the worm's attack.
The hobgoblin hits you but does no damage. x2
You closely miss the hobgoblin. You hit the kobold but do no damage.
You slash the hobgoblin!
You kill the hobgoblin!
Dithmenos accepts your kill.
You hit the phantom. You hit the worm. You hit the jackal.
You closely miss the jackal. You block the jackal's attack.
The jackal bites you.
* * * LOW HITPOINT WARNING * * *
The kobold hits you.
You die...

#....$. ..
#.....# #.
#........
#.....#.#
####.......#
#......hw..#
#.....wWo..#
#...@K..#
#..hhgg..#
............#
###.#..####...#
.. ... ... ..
##.# .. < .. .
...


You could see a phantom, a worm, a dart slug, an orc, 3 jackals, a hobgoblin, a
goblin and a kobold.

Vanquished Creatures
  2 orc priests
  Terence (D:2)
  Natasha (thrice) (D:2)
  7 gnolls (D:2)
  An adder (D:2)
  2 dart slugs
  2 worms (D:2)
  4 leopard geckos
  An orc (D:3)
  2 ball pythons
  6 bats
  4 giant cockroaches
  4 goblins
  11 hobgoblins
  9 jackals
  2 frilled lizards (D:1)
  9 kobolds
  9 rats
79 creatures vanquished.

Notes
Turn   | Place    | Note
-------+----------+-------------------------------------------
     0 | D:1      | Kairos the Formicid Fighter began the quest for the Orb.
     0 | D:1      | Reached XP level 1. HP: 18/18 MP: 1/1
    82 | D:1      | Reached XP level 2. HP: 9/24 MP: 2/2
   350 | D:1      | Reached XP level 3. HP: 27/29 MP: 3/3
   566 | D:1      | Reached skill level 4 in Shields
   769 | D:2      | Noticed Natasha
   779 | D:2      | Killed Natasha
   779 | D:2      | Reached XP level 4. HP: 21/36 MP: 4/4
   868 | D:2      | Found an iron altar of Okawaru.
   868 | D:2      | Found a shadowy altar of Dithmenos.
   870 | D:2      | Found a white marble altar of Elyvilon.
  1012 | D:2      | Became a worshipper of Dithmenos the Shadowed
  1052 | D:2      | Noticed Terence
  1065 | D:2      | Killed Terence
  1065 | D:2      | Reached XP level 5. HP: 30/42 MP: 5/5
  1223 | D:2      | Reached XP level 6. HP: 24/48 MP: 6/6
  1263 | D:2      | Noticed Natasha
  1272 | D:2      | Killed Natasha
  1272 | D:2      | Reached * piety under Dithmenos
  1700 | D:2      | Noticed Natasha
  1707 | D:2      | Killed Natasha
  1707 | D:2      | Reached skill level 5 in Shields
  1792 | D:3      | Noticed a phantom
  1814 | D:3      | HP: 2/48 [kobold (1)]
  1817 | D:3      | Slain by a kobold

Skill      XL: |  1  2  3  4  5  6 |
---------------+-------------------+-----
Shields        | 4 5 |  5.3
Armour         | 4 |  4.4
Axes           | 3 4 |  4.3
Fighting       | 4 |  4.2
Dodging        | |  0.7

Action                   |  1- 3 |  4- 6 || total
-------------------------+-------+-------++-------
Melee: War axe           |   127 |   131 ||   258
  Use: Scroll            |       |     3 ||     3
  Eat: Chunk             |       |     3 ||     3
Armor: Scale mail        |    74 |       ||    74
       Plate armour      |     8 |   111 ||   119
Dodge: Dodged            |    43 |    44 ||    87
Block: Shield            |    83 |    97 ||   180
